 Dungeon Crawl Stone Soup version 0.30-a0-879-ga8ba668304 (webtiles) character file.

Game seed: 5347721104075926674

88 cforsyth the Trooper (level 4, -2/48 HPs)
             Began as an Ogre Reaver on Mar 14, 2023.
             Slain by an iguana (11 damage)
             ... on level 3 of the Dungeon.
             The game lasted 00:03:12 (2487 turns).

cforsyth the Trooper (Ogre Reaver)                  Turns: 2487, Time: 00:03:13

Health: -2/48      AC:  3    Str: 18    XL:     4   Next: 53%
Magic:  8/8        EV:  9    Int: 14    God:
Gold:   143        SH:  0    Dex:  7    Spells: 8/9 levels left

rFire   . . .      SeeInvis .    a - +0 spear
rCold   . . .      Faith    .    (no shield)
rNeg    . . .      Spirit   .    b - +0 robe
rPois   .          Reflect  .    (helmet restricted)
rElec   .          Rampage  .    (no cloak)
rCorr   .                        (gloves unavailable)
Will    .....                    (boots unavailable)
Stlth   +                        (no amulet)
HPRegen 0.28/turn                (no ring)
MPRegen 0.11/turn                (no ring)

@: no status effects
A: large, unfitting armour, tough skin 1
a: no special abilities


You were on level 3 of the Dungeon.
You visited 1 branch of the dungeon, and saw 3 of its levels.

You collected 143 gold pieces.

Inventory:

Hand Weapons
 a - a +0 spear (weapon)
Armour
 b - a +0 robe (worn)
Scrolls
 d - a scroll of immolation
 e - a scroll of blinking {unknown}
 f - 3 scrolls of identify {unknown}
 m - a scroll of teleportation {unknown}
Potions
 c - 2 potions of curing {unknown}
 g - a potion of brilliance {unknown}
 h - 3 potions of mutation {unknown}
 i - 2 potions of lignification {unknown}
 j - a potion of resistance {unknown}
 k - a potion of might {unknown}
 l - a potion of flight {unknown}
 n - a potion of berserk rage {unknown}
 o - a potion of heal wounds {unknown}


   Skills:
 + Level 3.8 Fighting
 + Level 3.6 Polearms
 - Level 1.7 Dodging
 + Level 3.2 Spellcasting
 + Level 3.3 Conjurations


You had 8 spell levels left.
You knew the following spells:

 Your Spells              Type           Power      Damage    Failure   Level
a - Kiss of Death         Conj/Necr      24%        2d7       11%         1

Your spell library contained the following spells:

 Spells                   Type           Power      Damage    Failure   Level
 Momentum Strike          Conj/Tloc      12%        3d8       16%         2
 Hailstorm                Conj/Ice       6%         3d4       32%         3


Dungeon Overview and Level Annotations

Branches:
Dungeon (3/15)

Altars:
Okawaru
Ru

Shops:
D:1 :   D:2 [


Innate Abilities, Weirdness & Mutations

You are too large for most types of armour.
You have tough skin. (AC +1)


Message History

The iguana is heavily wounded.
The iguana closely misses you.
You hit the iguana.
The iguana is heavily wounded.
The iguana bites you!
You hit the iguana.
The iguana is heavily wounded.
The iguana completely misses you.
You barely miss the iguana.
The iguana is heavily wounded.
The iguana bites you!
You barely miss the iguana.
The iguana is heavily wounded.
The iguana bites you.
You hit the iguana but do no damage.
The iguana is heavily wounded.
The iguana bites you!
You are too injured to fight recklessly!
You are too injured to fight recklessly!
You are too injured to fight recklessly!
You are too injured to fight recklessly!
You are too injured to fight recklessly!
You are too injured to fight recklessly!
You are too injured to fight recklessly!
You hit the iguana.
The iguana is almost dead.
The iguana bites you!
* * * LOW HITPOINT WARNING * * *
Unknown command.
You hit the iguana but do no damage.
The iguana is almost dead.
The iguana closely misses you.
You hit the iguana but do no damage.
The iguana is almost dead.
The iguana bites you.
* * * LOW HITPOINT WARNING * * *
You barely miss the iguana.
The iguana is almost dead.
The iguana bites you!
You die...

######### #..#.... ##
#..#.... ..# ..
#..#... ..####..
#.....####.......
#..$............###
#...!.......# ..$
#.l@........# #.#
#.............## #.#
###...........#####.#
#..!........|...#.###
##.>........##.......
#..........##.#...#.
#.............#.....
...>.......####...##
#..###..### #...#


You could see an iguana.

Vanquished Creatures
  2 adders (D:2)
  2 worms (D:2)
  2 dart slugs
  9 ball pythons
  6 endoplasms
  2 giant cockroaches
  2 goblins
  5 hobgoblins
  3 jackals (D:1)
  A quokka (D:1)
  10 bats
  2 frilled lizards
  5 kobolds
  7 rats
  A spectral hobgoblin (D:2)
59 creatures vanquished.

Notes
Turn   | Place    | Note
-------+----------+-------------------------------------------
     0 | D:1      | cforsyth the Ogre Reaver began the quest for the Orb.
     0 | D:1      | Reached XP level 1. HP: 22/22 MP: 3/3
    62 | D:1      | Found Dycw's Book Boutique.
    92 | D:1      | Reached XP level 2. HP: 28/29 MP: 5/5
   567 | D:1      | Reached XP level 3. HP: 27/37 MP: 7/7
  1210 | D:2      | Found a faded altar of an unknown god.
  1650 | D:2      | Found an iron altar of Okawaru.
  1688 | D:2      | Reached XP level 4. HP: 35/45 MP: 8/8
  1955 | D:2      | Found Atunant's Antique Armour Emporium.
  2271 | D:3      | Found a sacrificial altar of Ru.
  2487 | D:3      | Slain by an iguana

Illustrated notes

Levels and vault maps discovered:
D:1:      dpeg_arrival_long_road, layout_basic, serial_shops,
          nicolae_shop_advertising_works [nicolae_subvault_shop_adworks],
          minmay_misc_feat_chi, columned_hall_lemuel
D:2:      layout_loops_corners, serial_shops, shop,
          dreamdust_ecumenical_altar_drowned_temple, basic_altar,
          minmay_quantized
D:3:      layout_rooms, nicolae_ru_great_annihilating_truth, lemuel_tele_altar,
          nicolae_concentric_dashed_squares_mild

Skill      XL: |  1  2  3 |
---------------+----------+-----
Fighting       | 3 |  3.8
Conjurations   | 3 |  3.3
Spellcasting   | 3 |  3.2
Polearms       | |  3.6
Dodging        | |  1.7

Action                     |  1- 3 |  4- 6 || total
---------------------------+-------+-------++-------
  Melee: Spear             |   154 |    74 ||   228
         Punch             |     1 |       ||     1
    Use: Scroll            |     1 |       ||     1
   Stab: Sleeping          |     2 |       ||     2
         Paralysed         |       |     3 ||     3
 Armour: Robe              |    31 |    17 ||    48
  Dodge: Dodged            |    49 |    19 ||    68

Table legend: (Time is in decaauts)
 A = Elapsed time spent in this place.
 B = Non-inter-level travel time spent in this place.
 C = Inter-level travel time spent in this place.
 D = Time resting spent in this place.
 E = Time spent auto-exploring this place.
 F = Levels seen in this place.
 G = Mean time per level.
                   A        B        C        D        E       F      G
               +--------+--------+--------+--------+--------+-----+--------+
         Total |   2469 |   2380 |     89 |      0 |   2001 |   3 |  823.0 |
       Dungeon |   2469 |   2380 |     89 |      0 |   2001 |   3 |  823.0 |
               +--------+--------+--------+--------+--------+-----+--------+

Top non-repeatable levels by time:
     D:1: 1144 daAuts
     D:2: 1100 daAuts
     D:3: 224 daAuts
